[ AOE2 MATCH · #505197834 ]
UnrankedBulgarians vs Franks
Player's team · WIN
Rival team · LOSS
[ REPLAY ANALYSIS · EXTRACTED FROM THE RECORDED GAME ]
Feudal
—
Castle
—
Imperial
—
| APM avg | 57.6 |
| APM peak | 86 |
| eAPM avg | 19.2 |
| Villagers / military | 25 / 0 |
Focus
⚔️ 19.3% · 🌾 80.7%
Feudal
—
Castle
—
Imperial
—
| APM avg | 50.1 |
| APM peak | 73 |
| eAPM avg | 16.8 |
| Villagers / military | 24 / 0 |
Focus
⚔️ 24.3% · 🌾 75.7%
Match map
Initial resources + every placement click. Lines = walls · curves = elevation contours. ◆ gold · ⬟ stone · ● berries · ✦ relic · ◌ wall gap
Your base
VNS TomNeva15's base
Smoothed initial terrain · ◌ = detected wall gap · hover for details
Inputs per minute
— twitch: aoe2_billybadbeat - - VNS TomNeva15
Build order — twitch: aoe2_billybadbeat
43 actions detected in the replay
| 0:01 | Queue | Villager (Male) |
| 0:01 | Queue | Villager (Male) |
| 0:02 | Build | House |
| 0:04 | Build | House |
| 0:07 | Queue | Villager (Male) |
| 0:18 | Queue | Villager (Male) |
| 1:33 | Queue | Villager (Male) |
| 1:51 | Build | Lumber Camp |
| 1:53 | Build | House |
| 2:04 | Queue | Villager (Male) |
| 2:07 | Build | House |
| 2:27 | Queue | Villager (Male) |
| 2:38 | Build | House |
| 2:59 | Research | Loom |
| 3:10 | Queue | Villager (Male) |
| 3:15 | Queue | Villager (Male) |
| 4:02 | Queue | Villager (Male) |
| 4:34 | Queue | Villager (Male) |
| 4:50 | Build | House |
| 5:17 | Queue | Villager (Male) |
| 5:18 | Queue | Villager (Male) |
| 5:19 | Queue | Villager (Male) |
| 5:20 | Queue | Villager (Male) |
| 5:55 | Queue | Villager (Male) |
| 6:15 | Build | Palisade Wall |
| 6:17 | Build | Palisade Wall |
| 6:20 | Build | Palisade Wall |
| 6:22 | Build | Palisade Wall |
| 6:38 | Queue | Villager (Male) |
| 6:38 | Queue | Villager (Male) |
| 6:45 | Queue | Villager (Male) |
| 7:09 | Queue | Villager (Male) |
| 7:43 | Queue | Villager (Male) |
| 7:47 | Build | Mill |
| 7:57 | Queue | Villager (Male) |
| 8:03 | Queue | Villager (Male) |
| 8:15 | Build | Palisade Wall |
| 8:21 | Build | Palisade Wall |
| 8:31 | Queue | Villager (Male) |
| 8:36 | Build | Palisade Wall |
| 8:38 | Build | Palisade Wall |
| 9:07 | Queue | Villager (Male) |
| 9:08 | Build | House |
Build order — VNS TomNeva15
32 actions detected in the replay
| 0:00 | Queue | Villager (Male) |
| 0:01 | Queue | Villager (Male) |
| 0:02 | Build | House |
| 0:04 | Build | House |
| 0:27 | Queue | Villager (Male) |
| 0:27 | Queue | Villager (Male) |
| 1:26 | Queue | Villager (Male) |
| 1:26 | Queue | Villager (Male) |
| 1:59 | Queue | Villager (Male) |
| 1:59 | Queue | Villager (Male) |
| 2:08 | Build | Lumber Camp |
| 2:17 | Queue | Villager (Male) |
| 2:17 | Queue | Villager (Male) |
| 2:46 | Queue | Villager (Male) |
| 3:01 | Queue | Villager (Male) |
| 3:01 | Queue | Villager (Male) |
| 3:29 | Queue | Villager (Male) |
| 3:29 | Queue | Villager (Male) |
| 3:44 | Queue | Villager (Male) |
| 4:18 | Queue | Villager (Male) |
| 4:45 | Queue | Villager (Male) |
| 4:45 | Queue | Villager (Male) |
| 5:02 | Research | Loom |
| 5:21 | Queue | Villager (Male) |
| 5:53 | Build | Palisade Gate |
| 5:55 | Build | House |
| 5:57 | Queue | Villager (Male) |
| 5:57 | Queue | Villager (Male) |
| 5:59 | Queue | Villager (Male) |
| 6:12 | Queue | Villager (Male) |
| 6:48 | Build | Mill |
| 8:50 | Build | House |
Match timeline
| 6:15 | twitch: aoe2_billybadbeat · wall_segment Palisade Wall x1 |
| 6:17 | twitch: aoe2_billybadbeat · wall_segment Palisade Wall x1 |
| 6:20 | twitch: aoe2_billybadbeat · wall_segment Palisade Wall x1 |
| 6:22 | twitch: aoe2_billybadbeat · wall_segment Palisade Wall x1 |
| 8:15 | twitch: aoe2_billybadbeat · wall_segment Palisade Wall x1 |
| 8:21 | twitch: aoe2_billybadbeat · wall_segment Palisade Wall x1 |
| 8:36 | twitch: aoe2_billybadbeat · wall_segment Palisade Wall x1 |
| 8:38 | twitch: aoe2_billybadbeat · wall_segment Palisade Wall x1 |
| 9:23 | VNS TomNeva15 · resign |
[ AI ANALYSIS · 1 CREDIT ]
What really happened in this match?
Wolo.gg analyzes every decision: build order, eco, micro, common mistakes by bracket. Personalized analysis on WhatsApp or Discord in 30 seconds.
Civ guide
Bulgarians
Perfil
billy bad beat